 Dungeon Crawl Stone Soup version 0.22.1-2-g9c5b331 (webtiles) character file.

14872 spiff the Fighter (level 12, 77/77 HPs)
             Began as a Gargoyle Monk on Oct 15, 2018.
             Was a High Priest of Okawaru.
             Quit the game on level 2 of the Lair of Beasts on Nov 14, 2018.
             The game lasted 00:40:37 (17174 turns).

spiff the Fighter (Gargoyle Monk)                  Turns: 17174, Time: 00:40:37

Health: 77/77      AC: 20    Str: 19    XL:     12   Next: 21%
Magic:  16/16      EV: 15    Int: 18    God:    Okawaru [*****.]
Gold:   662        SH:  8    Dex: 12    Spells: 11/11 levels left

rFire    . . .     SeeInvis .   z - +1 mace (protect)
rCold    . . .     Gourm    .   M - +0 buckler
rNeg     + + .     Faith    .   I - +4 ring mail
rPois    ∞         Spirit   .   S - +0 helmet
rElec    +         Reflect  +   (no cloak)
rCorr    .         Harm     .   U - -2 pair of gloves (curse)
MR       .....                  (no boots)
Stlth    +.........             K - +3 amulet of reflection
HPRegen  0.22/turn              j - +6 ring of intelligence
MPRegen  0.15/turn              A - ring of positive energy

@: no status effects
A: negative energy resistance 1, electricity resistance, unbreathing,
petrification resistance, rot immunity, AC +8
a: Heroism, Finesse, Renounce Religion


You were on level 2 of the Lair of Beasts.
You worshipped Okawaru.
Okawaru was extremely pleased with you.
You were near starving.

You visited 3 branches of the dungeon, and saw 15 of its levels.
You also visited: Sewer.

You collected 662 gold pieces.

Inventory:

Hand Weapons
 a - a +1 mace
 z - a +1 mace of protection (weapon)
 C - a +0 antimagic club
 F - a +0 whip of freezing
 G - a -1 flail
 J - a +2 mace of crushing
Missiles
 d - 432 stones (quivered)
 f - 2 throwing nets
Armour
 b - a +0 robe
 o - a +0 plate armour
 I - a +4 ring mail (worn)
 M - a +0 buckler (worn)
 S - a +0 helmet (worn)
 T - the cursed +0 chain mail of the Depths {rPois rC+ Dex+2 SInv}
   (You found it on level 11 of the Dungeon)

   It affects your dexterity (+2).
   It protects you from cold.
   It protects you from poison.
   It lets you see invisible.
   It has a curse placed upon it.
 U - a cursed -2 pair of gloves (worn)
Jewellery
 e - an uncursed ring of stealth
 j - a +6 ring of intelligence (left hand)
 q - an uncursed ring of ice
 A - a ring of positive energy (right hand)
 K - a +3 amulet of reflection (around neck)
 O - an uncursed ring of teleportation
 R - the ring "Zeaczati" {*Tele rPois rC++ Int+3}
   (You found it on level 10 of the Dungeon)

   [ring of teleportation]

   It may teleport you next to monsters.
   It affects your intelligence (+3).
   It greatly protects you from cold.
   It protects you from poison.
Wands
 k - a wand of digging (17)
 s - a wand of enslavement (17)
 y - a wand of disintegration (17)
 E - a wand of random effects (21)
Scrolls
 l - 7 scrolls of teleportation
 p - 2 scrolls of magic mapping
 t - 2 scrolls of random uselessness
 v - 2 scrolls of enchant weapon
 B - 3 scrolls of remove curse
 H - 2 scrolls of amnesia
 N - a scroll of enchant armour
 Q - a scroll of brand weapon {unknown}
 V - a scroll of identify
 W - a scroll of fog
 X - a scroll of holy word {unknown}
Potions
 g - 2 potions of degeneration
 h - 4 potions of mutation
 i - 7 potions of curing
 m - 2 potions of haste
 n - a potion of might
 r - 2 potions of brilliance {unknown}
 u - a potion of resistance {unknown}
 w - 4 potions of heal wounds
 x - a potion of invisibility {unknown}
 D - 4 potions of flight
 P - a potion of lignification {unknown}
Miscellaneous
 L - a lamp of fire
Comestibles
 c - 24 rations


   Skills:
 - Level 10.1 Fighting
 - Level 10.0 Maces & Flails
 - Level 10.0 Armour
 + Level 8.4 Dodging
 - Level 2.1 Stealth
 - Level 4.0 Shields
 - Level 6.0 Invocations


You had 11 spell levels left.
You didn't know any spells.
Your spell library contained the following spells:

 Spells                   Type           Power        Failure   Level  Hunger
 Flame Tongue             Conj/Fire      #....        34%         1    ##.....
 Throw Flame              Conj/Fire      #.....       45%         2    ###....
 Conjure Flame            Conj/Fire      #.......     71%         3    ####...
 Inner Flame              Hex/Fire       #.......     71%         3    ####...
 Sticky Flame             Conj/Fire      #.......     98%         4    #####..
 Fireball                 Conj/Fire      #.........   100%        5    ######.


Dungeon Overview and Level Annotations

Branches:
Dungeon (12/15)            Temple (1/1) D:6            Lair (2/6) D:8
    Orc (0/2) D:9
  Swamp: Lair:2-4    Shoals: Lair:2-4     Snake: Lair:2-4    Spider: Lair:2-4

Altars:
Ashenzari
Cheibriados
Dithmenos
Elyvilon
Fedhas
Gozag
Hepliaklqana
Kikubaaqudgha
Makhleb
Nemelex Xobeh
Okawaru
Qazlal
Ru
Sif Muna
Trog
Uskayaw
Vehumet
Wu Jian
Xom
Yredelemnul
Zin
The Shining One

Shops:
D:5 %*


Innate Abilities, Weirdness & Mutations

You are resistant to torment.
Your stone body is resilient. (AC +8)
You are immune to poison.
You resist negative energy. (rN+)
You are resistant to electric shocks. (rElec)
You can survive without breathing.
You are immune to petrification.
You are immune to rotting.


Message History

You completely miss the porcupine.
The porcupine is almost dead.
You block the porcupine's attack.
You thump the porcupine!
You kill the porcupine!
Okawaru accepts your kill.
No target in view!
Done exploring.
There is a stone staircase leading down here.
You climb downwards.
A water moccasin comes into view.
The water moccasin hisses angrily.
There is a stone staircase leading up here.
Save game and exit?
Welcome back, spiff the Gargoyle Monk.
Okawaru says: Bring me glory in combat!
Press ? for a list of commands and other information.
Quiver which item? (- for none, * to show all) (? for menu, Esc to quit)
Okay, then.
Are you sure you want to abandon this character and quit the game? (Confirm

#.......P
#S......P
##.......##
#.........# #
##........###..
#.............#
#.............#
#.....@.......
#..............
##..##....#####
#.. ##.### #
###


You could see a water moccasin.

Vanquished Creatures
  3 two-headed ogres
  Pikel (D:6)
  An elephant (D:8)
  Joseph (D:7)
  Psyche (D:10)
  3 spiny frogs (Lair:1)
  A rime drake (Lair:1)
  Grinder (D:5)
  2 hornets
  3 hippogriffs
  Sigmund (D:5)
  2 wyverns
  9 yaks
  A basilisk (D:8)
  2 hungry ghosts (D:11)
  3 water moccasins (Lair:1)
  Duvessa (D:4)
  2 porcupines (Lair:1)
  5 orc warriors
  A black bear (D:6)
  2 ice beasts
  2 eyes of draining (D:6)
  6 ogres
  2 phantoms
  A slave (D:6)
  A necrophage (D:7)
  7 centaurs
  3 crocodiles
  2 big kobolds (Sewer)
  2 bullfrogs
  A gnoll sergeant (D:7)
  Blork the orc (D:5)
  Dowan (D:4)
  2 scorpions
  17 killer bees
  5 wights (D:11)
  8 howler monkeys
  3 crimson imps
  2 bullfrog zombies
  2 centaur zombies
  A quasit (D:11)
  9 hounds
  10 orc priests
  A bullfrog skeleton (D:4)
  3 jellies
  12 orc wizards
  5 centaur skeletons
  2 iguanas
  2 worker ants
  A hound zombie (D:7)
  A worker ant zombie (D:10)
  Robin (D:3)
  13 gnolls
  18 adders
  3 shadow imps
  An adder zombie (D:5)
  2 adder skeletons
  10 worms
  A dart slug (D:1)
  5 leopard geckos
  58 orcs
  9 bats
  6 giant cockroaches
  19 goblins
  11 hobgoblins
  11 jackals
  13 kobolds
  5 quokkas
  7 ball pythons
  4 frilled lizards
  A leopard gecko skeleton (D:4)
  2 quokka skeletons (D:4)
  11 rats
372 creatures vanquished.

Vanquished Creatures (others)
  A gnoll (D:7)
1 creature vanquished.

Grand Total: 373 creatures vanquished

Notes
Turn   | Place    | Note
-------+----------+-------------------------------------------
     0 | D:1      | spiff the Gargoyle Monk began the quest for the Orb.
     0 | D:1      | Reached XP level 1. HP: 14/14 MP: 1/1
   112 | D:1      | Reached XP level 2. HP: 14/19 MP: 2/2
   722 | D:1      | Reached XP level 3. HP: 23/24 MP: 3/3
  1308 | D:2      | Reached XP level 4. HP: 12/30 MP: 4/4
  1778 | D:2      | Found a shimmering altar of Xom.
  2847 | D:3      | Reached skill level 1 in Armour
  3072 | D:3      | Reached XP level 5. HP: 34/34 MP: 5/5
  3238 | D:3      | Noticed Robin
  3273 | D:3      | Killed Robin
  3705 | D:4      | Found a glowing drain.
  3727 | Sewer    | Entered a sewer
  3813 | Sewer    | Noticed a big kobold
  3832 | Sewer    | Killed a big kobold
  3832 | Sewer    | Reached skill level 5 in Fighting
  3832 | Sewer    | Reached XP level 6. HP: 38/40 MP: 6/6
  4292 | D:4      | Reached XP level 7. HP: 32/44 MP: 7/7
  4612 | D:4      | Reached skill level 5 in Maces & Flails
  5027 | D:4      | Noticed Dowan
  5355 | D:4      | Reached XP level 8. HP: 51/51 MP: 8/8
  5361 | D:4      | Noticed Duvessa
  5403 | D:4      | Killed Duvessa
  5423 | D:4      | Killed Dowan
  5795 | D:5      | Entered Level 5 of the Dungeon
  5901 | D:5      | Found a basalt altar of Yredelemnul.
  5934 | D:5      | Found Zosev's Elemental Accessories.
  5956 | D:5      | Noticed Grinder
  6010 | D:5      | Noticed Sigmund
  6045 | D:5      | Reached skill level 5 in Armour
  6305 | D:5      | Killed Sigmund
  6305 | D:5      | Reached skill level 5 in Dodging
  6347 | D:5      | Killed Grinder
  6362 | D:5      | Found Sounkuth's Food Boutique.
  6372 | D:5      | Noticed Blork the orc
  6434 | D:5      | Killed Blork the orc
  6588 | D:5      | Found a shadowy altar of Dithmenos.
  6644 | D:5      | Reached XP level 9. HP: 45/59 MP: 9/9
  6870 | D:6      | Found an iron altar of Okawaru.
  6904 | D:6      | Found a staircase to the Ecumenical Temple.
  6924 | Temple   | Entered the Ecumenical Temple
  7028 | D:6      | Became a worshipper of Warmaster Okawaru
  7028 | D:6      | Reached * piety under Okawaru
  7028 | D:6      | Reached ** piety under Okawaru
  7271 | D:6      | Found a bloodstained altar of Trog.
  7286 | D:6      | Reached skill level 1 in Invocations
  7434 | D:6      | Found a blossoming altar of Fedhas.
  7539 | D:6      | Found a stormy altar of Qazlal.
  7570 | D:6      | Noticed Pikel
  7596 | D:6      | Killed Pikel
  7596 | D:6      | Reached *** piety under Okawaru
  8004 | D:7      | Noticed Joseph
  8858 | D:7      | Reached XP level 10. HP: 48/66 MP: 13/13
  8994 | D:7      | Reached skill level 5 in Invocations
  9151 | D:7      | Killed Joseph
  9151 | D:7      | Reached skill level 10 in Fighting
  9437 | D:8      | Noticed a two-headed ogre
  9678 | D:8      | Killed a two-headed ogre
  9678 | D:8      | Reached **** piety under Okawaru
  9862 | D:8      | Found a deep blue altar of Sif Muna.
  9887 | D:8      | Found a staircase to the Lair.
  9887 | D:8      | Noticed an elephant
  9969 | D:8      | HP: 3/68 [elephant (12)]
 10356 | D:8      | Killed an elephant
 10666 | D:8      | Found a hazy altar of Hepliaklqana.
 10747 | D:8      | Found a snail-covered altar of Cheibriados.
 11275 | D:8      | Received a gift from Okawaru
 11610 | D:9      | Found a staircase to the Orcish Mines.
 11801 | D:9      | Reached skill level 1 in Shields
 12127 | D:9      | Reached XP level 11. HP: 64/72 MP: 15/15
 12195 | D:9      | Found an iron altar of Okawaru.
 12555 | D:10     | Entered Level 10 of the Dungeon
 12866 | D:10     | Noticed a two-headed ogre
 12892 | D:10     | Killed a two-headed ogre
 13265 | D:10     | Noticed Psyche
 13274 | D:10     | Killed Psyche
 13284 | D:10     | Reached ***** piety under Okawaru
 13443 | D:10     | Got a sparkling lapis lazuli ring
 13445 | D:10     | Identified the ring "Zeaczati" {*Tele rPois rC++ Int+3}
                  | (You found it on level 10 of the Dungeon)
 14435 | D:11     | Noticed a six-headed hydra
 14689 | D:11     | Got a faintly glowing chain mail
 14690 | D:11     | Identified the cursed +0 chain mail of the Depths {rPois
                  | rC+ Dex+2 SInv} (You found it on level 11 of the Dungeon)
 14744 | D:11     | Reached skill level 10 in Armour
 14799 | D:11     | Noticed a two-headed ogre
 14817 | D:11     | Killed a two-headed ogre
 15489 | D:11     | Reached XP level 12. HP: 74/77 MP: 16/16
 15494 | D:11     | Reached skill level 10 in Maces & Flails
 15730 | D:12     | Noticed a death knight
 15854 | Lair:1   | Entered Level 1 of the Lair of Beasts
 17174 | Lair:2   | Upgraded the game from 0.22.1-1-ga44c0e5 to
                  | 0.22.1-2-g9c5b331
 17174 | Lair:2   | Quit the game

Skill      XL: |  1  2  3  4  5  6  7  8  9 10 11 12 |
---------------+-------------------------------------+-----
Fighting       | 4 5 6 8 9 10 | 10.1
Dodging        | 3 4 5 6 7 8 |  8.4
Armour         | 1 2 4 6 8 9 10 | 10.0
Maces & Flails | 4 5 7 9 10 | 10.0
Invocations    | 4 6 |  6.0
Shields        | 1 4 |  4.0
Stealth        | |  2.1

Action                   |  1- 3 |  4- 6 |  7- 9 | 10-12 || total
-------------------------+-------+-------+-------+-------++-------
Melee: Mace              |   144 |   373 |   574 |  1309 ||  2400
       Punch             |       |       |       |     1 ||     1
Throw: Stone             |     3 |       |       |       ||     3
Invok: Heroism           |       |       |     2 |    21 ||    23
       Finesse           |       |       |       |     1 ||     1
  Use: Scroll            |       |    14 |     1 |    11 ||    26
 Stab: Sleeping          |     3 |     1 |     7 |     1 ||    12
  Eat: Chunk             |     1 |    11 |    16 |    28 ||    56
       Ration            |       |       |       |     1 ||     1
Armor: Robe              |    39 |       |       |       ||    39
       Plate armour      |    51 |   153 |       |       ||   204
       Ring mail         |       |   110 |   328 |   609 ||  1047
Dodge: Dodged            |    93 |   194 |   451 |   766 ||  1504
Block: Buckler           |       |       |       |   386 ||   386
       Other             |       |       |       |    25 ||    25
       Reflection        |       |       |       |    12 ||    12
